 Dungeon Crawl Stone Soup version 0.28-a0-1387-g3a22ab9bdc (webtiles) character file.

Game seed: 14967613667179970738

84 freelancePsychic the Magician (level 4, 0/33 HPs)
             Began as a Djinni Necromancer on Jan 3, 2022.
             Slain by a jackal (1 damage)
             ... on level 2 of the Dungeon.
             The game lasted 00:02:56 (2004 turns).

freelancePsychic the Magician (Djinni Necromancer)  Turns: 2004, Time: 00:02:57

Health: 0/33       AC:  2    Str:  7    XL:     4   Next: 72%
Gold:   9          EV: 12    Int: 19    God:
                   SH:  0    Dex: 13

rFire   + + .      SeeInvis .   e - +2 dagger (venom)
rCold   x . .      Faith    .   (no shield)
rNeg    . . .      Spirit   .   a - +0 robe
rPois   ∞          Reflect  .   (no helmet)
rElec   .          Harm     .   (no cloak)
rCorr   .          Rampage  .   (no gloves)
Will    .....                   (boots unavailable)
Stlth   ++........              (no amulet)
HPRegen 0.11/turn               (no ring)
MPRegen 0.00/turn               (no ring)

@: flying
A: sickness immunity, fire resistance 2, cold vulnerability 1, float, innate
caster, hp casting, extra vitality 1
a: no special abilities


You were on level 2 of the Dungeon.
You visited 1 branch of the dungeon, and saw 2 of its levels.

You collected 9 gold pieces.

Inventory:

Hand Weapons
 e - a +2 dagger of venom (weapon)
Armour
 a - a +0 robe (worn)
Jewellery
 d - a ring of protection from cold
Scrolls
 b - 2 scrolls of identify {unknown}
 c - a scroll of blinking {unknown}
 g - a scroll of acquirement {unknown}
 h - a scroll of vulnerability {unknown}
Potions
 f - 3 potions of curing {unknown}
 i - a potion of attraction {unknown}


   Skills:
 + Level 2.0 Fighting
 - Level 2.1 Dodging
 - Level 1.5 Stealth
 * Level 4.2 Spellcasting


You couldn't memorise any spells.
You knew the following spells:

 Your Spells              Type           Power      Damage    Failure   Level
a - Pain                  Necr           76%        1d7       2%          1
b - Animate Skeleton      Necr           38%        N/A       2%          1
c - Vampiric Draining     Necr           19%        2d7       7%          3
d - Animate Dead          Necr           9%         N/A       24%         4
e - Agony                 Necr           19%        N/A       54%         5
f - Slow                  Hex            76%        N/A       2%          1
Your spell library was empty.

Dungeon Overview and Level Annotations

Branches:
Dungeon (2/15)

Altars:


Innate Abilities, Weirdness & Mutations

You are immune to sickness and miasma.
You are immune to poison.
Your flesh is very heat resistant. (rF++)
You are vulnerable to cold. (rC-)
You float through the air rather than walking.
You learn spells naturally, not from books.
Your magical power is your life essence.
You have superior vitality. (+4 MHP)


Message History

Your jackal skeleton bites the jackal.
The ball python bites you. The ball python constricts you.
You hit the jackal.
You kill the jackal!
The ball python bites you.
* * * LOW HITPOINT WARNING * * *
The ball python constricts you.
* * * LOW HITPOINT WARNING * * *
You escape the ball python's grasp.
Your jackal skeleton bites the ball python.
Your jackal skeleton barely misses the ball python.
You hit the ball python but do no damage.
The ball python is poisoned.
The ball python is moderately wounded.
The jackal bites your jackal skeleton. The ball python closely misses you.
The ball python grabs you. The ball python constricts you.
Your jackal skeleton misses the jackal.
You escape the ball python's grasp.
The jackal bites your jackal skeleton.
Your jackal skeleton misses the jackal.
You kill the ball python!
Your jackal skeleton bites the jackal.
Your jackal skeleton bites the jackal.
The hobgoblin hits your jackal skeleton.
Your jackal skeleton is destroyed!
The jackal bites you.
* * * LOW HITPOINT WARNING * * *
You hit the jackal.
The jackal is poisoned.
The jackal is almost dead.
You kill the jackal!
The jackal bites you.
* * * LOW HITPOINT WARNING * * *
You closely miss the jackal.
The jackal is lightly wounded.
The jackal bites you.
* * * LOW HITPOINT WARNING * * *
The jackal closely misses you.
You hit the jackal.
The jackal is poisoned.
The jackal is lightly wounded.
The jackal bites you.
You die...

## .g###### ############ #######
.h...g.####..........# ##.....##
.#####.##...########.###.......##
......†.†...g.†h@..#.##.........#
.#######.......###...##.........#
.........###..................#
...............#...##.........#
...#########...................
.. ......#............. .
#######.............
##............. #.............#


You could see a jackal (very poisoned) and a hobgoblin.

Vanquished Creatures
  A gnoll (D:1)
  4 adders
  3 dart slugs (D:1)
  3 endoplasms (D:1)
  2 goblins (D:1)
  2 hobgoblins (D:2)
  3 jackals (D:2)
  A kobold (D:1)
  2 quokkas (D:1)
  6 ball pythons
  3 bats
  A frilled lizard (D:1)
  2 rats (D:2)
33 creatures vanquished.

Notes
Turn   | Place    | Note
-------+----------+-------------------------------------------
     0 | D:1      | freelancePsychic the Djinni Necromancer began the quest for
                  | the Orb.
     0 | D:1      | Reached XP level 1. HP: 15/15 MP: 0/0
   543 | D:1      | Reached XP level 2. HP: 17/22 MP: 0/0
   893 | D:1      | Reached skill level 1 in Fighting
  1042 | D:1      | Reached XP level 3. HP: 18/27 MP: 0/0
  1042 | D:1      | Learned a level 1 spell: Slow
  1710 | D:2      | Reached skill level 4 in Spellcasting
  1710 | D:2      | Reached XP level 4. HP: 24/33 MP: 0/0
  2003 | D:2      | HP: 1/33 [jackal (2)]
  2004 | D:2      | Slain by a jackal

Illustrated notes

Levels and vault maps discovered:
D:1:      ebering_hopf_link, layout_loops_ring
D:2:      minmay_roachtagon, layout_rooms, dilly_ecumenical_altar_fadedgnrine,
          supply_closet_lemuel, uniq_robin

Skill      XL: |  1  2  3  4 |
---------------+-------------+-----
Fighting       | 1 2 |  2.0
Spellcasting   | 4 |  4.2
Dodging        | |  2.1
Stealth        | |  1.5

Action                   |  1- 3 |  4- 6 || total
-------------------------+-------+-------++-------
Melee: Dagger            |    37 |    37 ||    74
 Cast: Pain              |    26 |     1 ||    27
       Animate Skeleton  |     4 |     5 ||     9
 Stab: Sleeping          |     3 |       ||     3
Armor: Robe              |     7 |    15 ||    22
Dodge: Dodged            |    22 |    31 ||    53

Table legend: (Time is in decaauts)
 A = Elapsed time spent in this place.
 B = Non-inter-level travel time spent in this place.
 C = Inter-level travel time spent in this place.
 D = Time resting spent in this place.
 E = Time spent auto-exploring this place.
 F = Levels seen in this place.
 G = Mean time per level.
                   A        B        C        D        E       F      G
               +--------+--------+--------+--------+--------+-----+--------+
         Total |   2004 |   1958 |     46 |     68 |   1654 |   2 | 1002.0 |
       Dungeon |   2004 |   1958 |     46 |     68 |   1654 |   2 | 1002.0 |
               +--------+--------+--------+--------+--------+-----+--------+

Top non-repeatable levels by time:
     D:1: 1693 daAuts
     D:2: 311 daAuts
